 Dungeon Crawl Stone Soup version 0.17-a0-2073-gde5cdba (webtiles) character file.

81 st0uf the Magician (level 4, 30/30 HPs)
             Began as a Mummy Wizard on Oct 14, 2015.
             Was an Initiate of Vehumet.
             Quit the game on level 2 of the Dungeon.
             The game lasted 00:14:13 (2789 turns).

st0uf the Magician (Mummy Wizard)                   Turns: 2789, Time: 00:14:13

Health: 30/30      AC:  2    Str: 10    XL:     4   Next: 19%
Magic:  10/10      EV: 12    Int: 18    God:    Vehumet [......]
Gold:   79         SH:  0    Dex: 10    Spells: 1 memorised, 10 levels left

rFire  x . .     SeeInvis .     e - +1 short sword (freeze)
rCold  + . .     Clarity  .     a - +0 robe
rNeg   + + +     SustAt   .     (no shield)
rPois  ∞         Gourm    .     d - +0 hat
rElec  .         Spirit   .     (no cloak)
rCorr  .         Warding  .     (no gloves)
rMut   .         Stasis   .     (no boots)
MR     .....                    (no amulet)
Stlth  ++........               (no ring)
                                (no ring)

@: not resistant to hostile enchantments, unstealthy
A: no food or potions, fire vulnerability, cold resistance 1, negative energy
resistance 3, torment resistance, unbreathing
a: Renounce Religion


You were on level 2 of the Dungeon.
You worshipped Vehumet.
Vehumet was noncommittal.
You were not hungry.

You visited 1 branch of the dungeon, and saw 2 of its levels.

You collected 79 gold pieces.

Inventory:

Hand Weapons
 e - a +1 short sword of freezing (weapon)
Armour
 a - a +0 robe (worn)
 b - a +0 hat
 d - a +0 hat (worn)
Scrolls
 f - a scroll of magic mapping {unknown}
 g - a scroll of random uselessness {unknown}
 h - a scroll of enchant weapon {unknown}
 i - a scroll of noise {unknown}
 j - 2 scrolls of blinking {unknown}
 k - 4 scrolls of identify {unknown}
 l - 3 scrolls of remove curse {unknown}
Books
 c - a book of Minor Magic

   Spells                             Type                      Level
   a - Magic Dart                     Conjuration                  1
   b - Blink                          Translocation                2
   c - Call Imp                       Summoning                    2
   d - Repel Missiles                 Charms/Air                   2
   e - Slow                           Hexes                        2
   f - Conjure Flame                  Conjuration/Fire             3
   g - Mephitic Cloud                 Conjuration/Poison/Air       3


   Skills:
 - Level 1.5 Dodging
 - Level 1.5 Stealth
 + Level 4.1 Spellcasting
 + Level 2.1 Conjurations
   Level 0.7 Summonings
   Level 0.7 Translocations


You had 10 spell levels left.
You knew the following spells:

 Your Spells              Type           Power        Failure   Level  Hunger
a - Magic Dart            Conj           ##..         8%          1    N/A

Dungeon Overview and Level Annotations

Branches:
Dungeon (2/15)

Altars:
Cheibriados
Dithmenos
Makhleb
Nemelex Xobeh
Ru
Vehumet
Xom
Zin
The Shining One


Innate Abilities, Weirdness & Mutations

You do not eat or drink.
Your flesh is vulnerable to fire.
You are immune to poison.
Your flesh is cold resistant.
You are immune to negative energy.
You are immune to unholy pain and torment.
You can survive without breathing.


Message History

Aiming: Magic Dart
Press: ? - help, Shift-Dir - straight line, f - kobold
Aim: a kobold The magic dart hits the kobold.
The kobold is heavily wounded.
Casting: Magic Dart
Confirm with . or Enter, or press ? or * to list all spells.
Aiming: Magic Dart
Press: ? - help, Shift-Dir - straight line, f/p - kobold
Aim: a kobold (heavily wounded)
The magic dart hits the kobold.
You kill the kobold!
Vehumet accepts your kill.
Found a chain mail.
You see here a robe.
Done exploring.
Done exploring.
Quiver which item? (- for none, * to show all) (? for menu, Esc to quit)
Okay, then.
Are you sure you want to abandon this character and quit the game? (Confirm with "yes".)

#.....# ##..!...†
#.....##### ##......
#.........## #.....>
#.....[....## #......
#...........#####8..8
#..............##....
#...........######..#
###.[..........#_....
#.@.†.....######..#
##.......## #_....
#.........######.†#
#............#_....
#...%.....######..#
#.........# #_....
#.........# ##⌠##⌠
##.......## #######
##.......###......


There were no monsters in sight!

Vanquished Creatures
  3 adders
  2 oozes (D:1)
  A worm (D:2)
  2 giant geckos (D:2)
  5 giant cockroaches
  4 hobgoblins (D:1)
  4 jackals (D:1)
  4 bats
  2 giant newts
  5 goblins (D:1)
  6 kobolds
  3 rats (D:1)
41 creatures vanquished.

Notes
Turn   | Place    | Note
--------------------------------------------------------------
     0 | D:1      | st0uf the Mummy Wizard began the quest for the Orb.
     0 | D:1      | Reached XP level 1. HP: 13/13 MP: 4/4
   191 | D:1      | Reached skill level 1 in Conjurations
   457 | D:1      | Reached XP level 2. HP: 13/19 MP: 3/6
  1415 | D:1      | Reached XP level 3. HP: 15/24 MP: 0/8
  2127 | D:2      | Reached skill level 4 in Spellcasting
  2449 | D:2      | Reached XP level 4. HP: 30/30 MP: 6/10
  2481 | D:2      | Found a glowing silver altar of Zin.
  2482 | D:2      | Found a glowing golden altar of the Shining One.
  2530 | D:2      | Found a shadowy altar of Dithmenos.
  2531 | D:2      | Found a shimmering altar of Xom.
  2532 | D:2      | Found a sacrificial altar of Ru.
  2533 | D:2      | Found a burning altar of Makhleb.
  2534 | D:2      | Found a radiant altar of Vehumet.
  2535 | D:2      | Found a snail-covered altar of Cheibriados.
  2536 | D:2      | Found a sparkling altar of Nemelex Xobeh.
  2539 | D:2      | Became a worshipper of Vehumet
  2789 | D:2      | Quit the game

Vault maps used:
D:1:      evilmike_arrival_rings, fountainhead
D:2:      minitemple, minmay_misc_feat_enclosed, feat_on_display

Action                   |  1- 3 |  4- 6 || total
-------------------------+-------+-------++-------
Melee: Unarmed           |     1 |       ||     1
       Short sword       |    33 |       ||    33
 Cast: Magic Dart        |   110 |    14 ||   124
